 Dungeon Crawl Stone Soup version 0.17.1-1-g73c8601 (webtiles) character file.

1378 shmeve the Skirmisher (level 8, -6/64 HPs)
             Began as a Demonspawn Berserker on Apr 21, 2016.
             Was a Priest of Trog.
             Mangled by a mummy (8 damage)
             ... in an ossuary.
             The game lasted 00:14:13 (5413 turns).

shmeve the Skirmisher (Demonspawn Berserker)        Turns: 5413, Time: 00:14:13

Health: -6/64      AC: 17    Str: 21    XL:     8   Next: 39%
Magic:  0/8        EV:  8    Int:  8    God:    Trog [***...]
Gold:   204        SH:  0    Dex: 12    Spells: 0 memorised, 7 levels left

rFire  . . .     SeeInvis +     a - +0 hand axe
rCold  . . .     Clarity  .     s - +0 chain mail
rNeg   . . .     SustAt   .     (no shield)
rPois  .         Gourm    .     y - +0 helmet
rElec  .         Spirit   +     o - +2 cloak
rCorr  .         Warding  .     (no gloves)
rMut   .         Stasis   .     h - +0 pair of boots
MR     +....                    (no amulet)
Stlth  ..........               n - ring of protection from magic
                                d - ring of see invisible

@: somewhat resistant to hostile enchantments, extremely unstealthy
A: talons 2, icy blue scales 2, magic shield
a: Berserk, Trog's Hand, Burn Spellbooks, Renounce Religion


You were in an ossuary.
You worshipped Trog.
Trog was most pleased with you.
You were not hungry.

You visited 1 branch of the dungeon, and saw 5 of its levels.
You also visited: Sewer and Ossuary.

You collected 204 gold pieces.

Inventory:

Hand Weapons
 a - a +0 hand axe (weapon)
Armour
 h - a +0 pair of boots (worn)
 o - a +2 cloak (worn)
 s - a +0 chain mail (worn)
 y - a +0 helmet (worn)
Jewellery
 d - a ring of see invisible (left hand)
 l - an uncursed ring of protection from cold
 n - a ring of protection from magic (right hand)
Scrolls
 b - a scroll of fear {unknown}
 e - 3 scrolls of enchant weapon {unknown}
 g - 2 scrolls of immolation {unknown}
 j - 2 scrolls of blinking {unknown}
 k - 7 scrolls of identify {unknown}
 m - 2 scrolls of magic mapping {unknown}
 q - 2 scrolls of remove curse {unknown}
 r - 2 scrolls of fog {unknown}
 t - 3 scrolls of recharging {unknown}
 x - 4 scrolls of teleportation {unknown}
Potions
 p - a potion of haste {unknown}
 u - 2 potions of curing {unknown}
 v - 2 potions of might {unknown}
 w - a potion of lignification {unknown}
 z - 4 potions of heal wounds {unknown}
 A - a potion of magic {unknown}
 B - 2 potions of berserk rage {unknown}
Comestibles
 c - 4 bread rations
 i - a beef jerky
 C - a meat ration


   Skills:
 * Level 6.3 Fighting
 * Level 5.5 Axes
 + Level 3.6 Throwing
 + Level 3.9 Armour
 + Level 3.6 Dodging


You had 7 spell levels left.
You didn't know any spells.

Dungeon Overview and Level Annotations

Branches:
Dungeon (5/15)
 Temple: D:4-7

Altars:
Cheibriados
Elyvilon
Fedhas
Gozag
Makhleb
Okawaru
Vehumet


Innate Abilities, Weirdness & Mutations

You have razor-sharp toenails.
You are mostly covered in icy blue scales (AC +3, EV -1).
When hurt, damage is shared between your health and your magic reserves.


Message History

The mummy hits you but does no damage.
You hit the mummy.
The mummy is severely damaged.
The mummy hits you but does no damage.
You hit the mummy.
The mummy is almost destroyed.
You barely miss the mummy.
The mummy is almost destroyed.
The mummy hits you!
* * * LOW HITPOINT WARNING * * *
You barely miss the mummy.
The mummy is almost destroyed.
You barely miss the mummy.
The mummy is almost destroyed.
The mummy hits you.
* * * LOW HITPOINT WARNING * * *
You barely miss the mummy.
The mummy is almost destroyed.
The mummy hits you!
You die...

#...8†.†'.^^#.....#..
#.......#...#.....8..
##8...8###'##........
#.......#...#........
#...8...#...###8.....
#...#...#...#........
##'#######'##........
#...#..!#...#.....8..
#...@M.!#...'.....#..
#...#..?#...#.....#..
#####################


You could see a mummy.

Vanquished Creatures
  An ice beast (D:5)
  Purgy (Sewer)
  An ogre (D:4)
  7 scorpions
  2 hounds (D:4)
  2 orc priests (D:4)
  Crazy Yiuf (D:2)
  2 human zombies (Ossuary)
  A centaur skeleton (D:4)
  A centaur zombie (Ossuary)
  Jessica (D:2)
  5 orc wizards
  2 worker ants
  A big kobold zombie (Ossuary)
  A mummy (Ossuary)
  4 scorpion zombies (Ossuary)
  9 adders
  An ooze (D:3)
  An adder zombie (D:5)
  An adder skeleton (D:5)
  A worm (D:3)
  2 giant geckos
  24 orcs
  3 giant cockroaches
  2 gnoll zombies (Ossuary)
  9 goblins
  6 hobgoblins
  8 kobolds
  4 quokkas
  3 ball pythons
  13 bats
  6 giant newts
  2 goblin zombies (Ossuary)
  2 hobgoblin zombies (Ossuary)
  A kobold zombie (Ossuary)
  5 rats
136 creatures vanquished.

Notes
Turn   | Place    | Note
--------------------------------------------------------------
     0 | D:1      | shmeve the Demonspawn Berserker began the quest for the Orb.
     0 | D:1      | Reached XP level 1. HP: 18/18 MP: 1/1
    16 | D:1      | Found a snail-covered altar of Cheibriados.
   292 | D:1      | Gained mutation: You are partially covered in icy blue scales (AC +1). [demonic ancestry]
   292 | D:1      | Reached XP level 2. HP: 18/24 MP: 2/2
  1264 | D:2      | Reached ** piety under Trog
  1325 | D:2      | Reached skill level 1 in Throwing
  1325 | D:2      | Gained mutation: When hurt, damage is shared between your health and your magic reserves. [demonic ancestry]
  1325 | D:2      | Reached XP level 3. HP: 13/29 MP: 3/3
  1806 | D:2      | Noticed Jessica
  1829 | D:2      | Killed Jessica
  1829 | D:2      | Reached XP level 4. HP: 22/37 MP: 4/4
  2007 | D:2      | Noticed Crazy Yiuf
  2018 | D:2      | HP: 1/37 [Crazy Yiuf/quarterstaff of chaos (2)]
  2019 | D:2      | Killed Crazy Yiuf
  2483 | D:3      | Reached skill level 4 in Fighting
  2501 | D:3      | Found a glowing drain.
  2505 | Sewer    | Entered a sewer
  2661 | Sewer    | Noticed Purgy
  2675 | Sewer    | Killed Purgy
  2675 | Sewer    | Reached XP level 5. HP: 42/42 MP: 3/5
  2999 | D:3      | Gained mutation: You have sharp toenails. [demonic ancestry]
  2999 | D:3      | Reached XP level 6. HP: 49/49 MP: 6/6
  3053 | D:3      | Reached *** piety under Trog
  3879 | D:4      | Reached skill level 5 in Fighting
  3879 | D:4      | Gained mutation: You are mostly covered in icy blue scales (AC +3, EV -1). [demonic ancestry]
  3879 | D:4      | Reached XP level 7. HP: 54/56 MP: 5/7
  3961 | D:4      | Reached **** piety under Trog
  3969 | D:4      | HP: 4/84 [orc priest/divine providence (13)]
  3975 | D:4      | HP: 3/84 [poisoned by a worker ant]
  3980 | D:4      | HP: 2/56 [poisoned by a worker ant]
  4556 | D:5      | Entered Level 5 of the Dungeon
  4556 | D:5      | Found an iron altar of Okawaru.
  4556 | D:5      | Found a radiant altar of Vehumet.
  4556 | D:5      | Found a burning altar of Makhleb.
  4556 | D:5      | Found a blossoming altar of Fedhas.
  4556 | D:5      | Found an opulent altar of Gozag.
  4556 | D:5      | Found a white marble altar of Elyvilon.
  4702 | D:5      | Reached skill level 5 in Axes
  4911 | D:5      | Found a sand-covered staircase.
  4916 | Ossuary  | Entered an ossuary
  4998 | Ossuary  | Gained mutation: You have razor-sharp toenails. [demonic ancestry]
  4998 | Ossuary  | Reached XP level 8. HP: 42/64 MP: 6/8
  5343 | Ossuary  | Reached skill level 6 in Fighting
  5410 | Ossuary  | HP: 3/64 [mummy (9)]
  5413 | Ossuary  | Mangled by a mummy

Action                   |  1- 3 |  4- 6 |  7- 9 || total
-------------------------+-------+-------+-------++-------
Melee: Hand axe          |   122 |   221 |   315 ||   658
Invok: Trog's Hand       |     1 |       |     2 ||     3
       Berserk           |       |     3 |     2 ||     5
 Stab: Sleeping          |     1 |       |       ||     1
  Eat: Chunk             |     3 |     9 |     2 ||    14
       Fruit             |       |     1 |     3 ||     4
       Bread ration      |       |       |     1 ||     1
